 Dungeon Crawl Stone Soup version 0.22-a0-284-g99d1f74 (webtiles) character file.

2844 mhoghedin the Grappler (level 9, -12/78 HPs)
             Began as a Ghoul Monk on Mar 20, 2018.
             Was a Priest of Makhleb.
             Shot with a bolt by an orc warlord (32 damage)
             ... in a bailey.
             The game lasted 00:20:15 (6553 turns).

mhoghedin the Grappler (Ghoul Monk)                 Turns: 6553, Time: 00:20:16

Health: -12/78     AC:  9    Str: 18    XL:     9   Next: 74%
Magic:  11/11      EV:  9    Int:  5    God:    Makhleb [***...]
Gold:   309        SH:  0    Dex: 11    Spells: 8/8 levels left

rFire    + . .     SeeInvis .     - Unarmed
rCold    + + .     Gourm    .   (no shield)
rNeg     + + +     Faith    .   e - +0 chain mail
rPois    ∞         Spirit   .   (no helmet)
rElec    +         Reflect  .   (no cloak)
rCorr    +         Harm     .   (no gloves)
MR       .....                  (no boots)
Stlth    ..........             (no amulet)
HPRegen  0.00/turn              (no ring)
MPRegen  0.12/turn              (no ring)

@: resistant, rotting
A: rotting body, claws 1, carnivore, cold resistance 1, negative energy
resistance 3, inhibited regeneration, torment resistance, unbreathing
a: Minor Destruction, Lesser Servant of Makhleb, Renounce Religion


You were in a bailey.
You worshipped Makhleb.
Makhleb was most pleased with you.
You were not hungry.

You visited 1 branch of the dungeon, and saw 7 of its levels.
You also visited: Bailey.

You collected 309 gold pieces.

Inventory:

Armour
 e - a +0 chain mail (worn)
   (You found it on level 4 of the Dungeon)
Wands
 a - a wand of iceblast (4)
   (You found it on level 7 of the Dungeon)
 g - a wand of flame (40)
   (You found it on level 7 of the Dungeon)
Scrolls
 c - a scroll of acquirement {unknown}
 d - 2 scrolls of teleportation
 j - a scroll of fear {unknown}
 k - a scroll of remove curse
 m - a scroll of blinking {unknown}
 p - a scroll of fog {unknown}
 q - a scroll of enchant armour {unknown}
Potions
 f - a potion of degeneration {!q}
 h - a potion of heal wounds
 i - 3 potions of mutation
 o - a potion of brilliance {unknown}
Comestibles
 b - 10 rations
 l - 10 chunks of flesh {@w0}


   Skills:
 + Level 6.5 Fighting
   Level 2.6 Polearms
 + Level 3.3 Armour
 + Level 5.4 Dodging
 - Level 2.1 Stealth
 + Level 9.6 Unarmed Combat
 + Level 5.2 Invocations


You had 8 spell levels left.
You didn't know any spells.

Dungeon Overview and Level Annotations

Branches:
Dungeon (7/15)             Temple (0/1) D:7

Altars:
Dithmenos
Elyvilon
Makhleb
Nemelex Xobeh
Okawaru
Qazlal
Vehumet
Xom
Yredelemnul
Zin

Shops:
D:4 =!:[


Innate Abilities, Weirdness & Mutations

Your body is rotting away.
You thrive on raw meat.
You are immune to poison.
You have sharp fingernails.
You are carnivorous and can eat meat at any time.
Your flesh is cold resistant. (rC+)
You are immune to negative energy. (rN+++)
You do not regenerate when monsters are visible.
You are immune to unholy pain and torment.
You can survive without breathing.


Message History

Orders for allies: a - Attack new target. r - Retreat! s - Stop attacking. g - Guard the area. f - Follow me.
Anything else - Cancel.
Gang up on whom?
Aim: an orc warlord, wielding an arbalest, wearing a shiny chain mail and wearing a vibrating glass ring Attack!
The orc warlord shoots a bolt.
The bolt hits your hellwing!!
Your hellwing completely misses the orc warlord.
Your hellwing barely misses the orc warlord.
Your orange demon closely misses the orc warlord.
A demon appears!
The orc warlord unwields an uncursed arbalest.
The orc warlord wields an uncursed battleaxe.
The orc warlord misses your hellwing.
Your hellwing hits the orc warlord!
Your hellwing hits the orc warlord but does no damage.
The goblin barely misses your hellwing.
The goblin hits your orange demon with a hand axe.
The goblin closely misses your orange demon.
Your orange demon barely misses the orc warlord.
Your orange demon barely misses the goblin.
Your orange demon hits the goblin.
The goblin dies!
Makhleb accepts your kill.
You take 4 damage, and have 31/78 hp.
What are your orders? t - Shout!
Orders for allies: a - Attack new target. p - Attack previous target. r - Retreat! s - Stop attacking. g - Guard the area. f - Follow me.
Anything else - Cancel.
Gang up on whom?
Aim: an orc warlord, wielding a battleaxe, wearing a shiny chain mail and wearing a vibrating glass ring (lightly wounded) Attack!
Your hellwing barely misses the orc warlord.
Your hellwing hits the orc warlord but does no damage.
Your orange demon barely misses the orc warlord.
The orc warlord unwields an uncursed battleaxe.
The orc warlord wields an uncursed arbalest.
The orc warlord shoots a bolt.
The bolt hits your hellwing!
Your orange demon stings the orc warlord but does no damage.
You hear a shout!
The orc warrior hits your orange demon with a hand axe! x2
The orc warrior hits your hellwing with a hand axe!
Your hellwing barely misses the orc warlord.
Your hellwing hits the orc warlord but does no damage.
Your orange demon stings the orc warrior.
Your orange demon hits the orc warrior.
Your orange demon stings the orc warlord from afar!
The orc warrior hits your orange demon with a hand axe!! x2
The orc warrior barely misses your hellwing.
The hobgoblin hits your orange demon but does no damage.
Your hellwing hits the orc warrior.
Your hellwing hits the orc warrior but does no damage.
The orc warlord shoots a bolt.
The bolt hits your hellwing!!
Your hellwing dies!
Your orange demon stings the orc warrior.
The orc warrior looks as sick as possible!
Your orange demon poisons the orc warrior!
Your orange demon hits the orc warrior.
The orc warrior looks weaker.
Your orange demon stings the orc warlord from afar.
What are your orders? t - Shout!
Orders for allies: a - Attack new target. p - Attack previous target. r - Retreat! s - Stop attacking. g - Guard the area. f - Follow me.
Anything else - Cancel.
Gang up on whom?
Aim: an orc warlord, wielding an arbalest, wearing a shiny chain mail and wearing a vibrating glass ring (lightly wounded) Attack!
The orc warrior barely misses your orange demon.
The orc warrior hits your ynoxinul with a hand axe.
The orc warrior hits your orange demon but does no damage.
The hobgoblin closely misses your orange demon.
Your orange demon stings the orc warrior!
The orc warrior dies!
Makhleb accepts your kill.
Your orange demon stings the orc warlord but does no damage.
The orc warlord shoots a bolt.
The bolt barely misses your ynoxinul. The bolt hits you!
You take 7 damage, and have 24/78 hp.
Unknown command.
A demon appears!
The orc warrior hits your ynoxinul with a war axe!
The hobgoblin hits your ynoxinul with a hand axe!
The hobgoblin hits your orange demon but does no damage.
Your orange demon stings the orc warlord but does no damage.
Your orange demon barely misses the orc warlord.
You take 4 damage, and have 20/78 hp.
What are your orders? t - Shout!
Orders for allies: a - Attack new target. p - Attack previous target. r - Retreat! s - Stop attacking. g - Guard the area. f - Follow me.
Anything else - Cancel.
Gang up on whom?
Aim: an orc warlord, wielding an arbalest, wearing a shiny chain mail and wearing a vibrating glass ring (lightly wounded) Attack!
Your ynoxinul hits the orc warlord but does no damage.
The orc warlord shoots a bolt.
The bolt hits you!!
You die...

#.###.)...###♣♣.....♣♣
###...).....##.......♣
#...........#.......♣♣
#...........'........♣
#.....⌠.....og.∩)∩...♣
#..........oo34).....♣
#......)....#(4).....♣
##.....4.4.##3......♣♣
###.o...###♣♣.@....♣
#'#.### ♣♣♣♣.♣♣♣
)g.### ♣♣♣ .....
...... g⌠..o. ...g..
..g...


You could see an orc warlord, 2 orc warriors, a hobgoblin, 2 friendly orange
demons, a friendly smoke demon and a friendly ynoxinul.

Vanquished Creatures
  An orc knight (Bailey)
  Joseph (D:7)
  A troll (D:6)
  Grinder (D:3)
  A water moccasin (D:6)
  An ice beast (D:5)
  An orc warrior (D:6)
  A phantom (D:4)
  3 ogres
  A centaur (D:5)
  A bullfrog (D:6)
  A scorpion (D:5)
  4 orc priests
  4 orc wizards
  A hound (D:4)
  An iguana (D:7)
  3 worker ants
  A hound zombie (D:5)
  2 hound skeletons
  14 gnolls
  6 adders
  2 worms
  2 dart slugs (D:2)
  6 leopard geckos
  22 orcs
  4 bats
  6 giant cockroaches
  8 goblins
  15 hobgoblins
  5 jackals
  5 kobolds
  4 quokkas
  A ball python (D:1)
  6 frilled lizards
  A jackal skeleton (D:4)
  A leopard gecko zombie (D:6)
  3 quokka skeletons
  A quokka zombie (D:6)
  8 rats
150 creatures vanquished.

Vanquished Creatures (collateral kills)
  4 orc warriors (Bailey)
  3 gnolls (Bailey)
  3 orcs (Bailey)
  6 goblins (Bailey)
  4 hobgoblins (Bailey)
20 creatures vanquished.

Grand Total: 170 creatures vanquished

Notes
Turn   | Place    | Note
-------+----------+-------------------------------------------
     0 | D:1      | mhoghedin the Ghoul Monk began the quest for the Orb.
     0 | D:1      | Reached XP level 1. HP: 19/19 MP: 0/0
   138 | D:1      | Reached XP level 2. HP: 26/26 MP: 1/1
   176 | D:1      | Reached skill level 4 in Unarmed Combat
   743 | D:2      | Found a burning altar of Makhleb.
   743 | D:2      | Found a sparkling altar of Nemelex Xobeh.
   745 | D:2      | Found a stormy altar of Qazlal.
   836 | D:2      | Reached XP level 3. HP: 31/31 MP: 2/2
   987 | D:2      | Reached skill level 5 in Unarmed Combat
   987 | D:2      | Reached XP level 4. HP: 31/38 MP: 3/3
  1112 | D:2      | Found a radiant altar of Vehumet.
  1132 | D:2      | Found a basalt altar of Yredelemnul.
  1140 | D:2      | HP: 8/38 [gnoll/spear (4)]
  1361 | D:2      | Reached skill level 6 in Unarmed Combat
  1407 | D:2      | Reached XP level 5. HP: 15/45 MP: 4/4
  1697 | D:2      | Found a shadowy altar of Dithmenos.
  1699 | D:2      | Found a white marble altar of Elyvilon.
  1970 | D:3      | HP: 11/45 [orc wizard/magic dart (3)]
  1977 | D:3      | HP: 11/45 [bat (1)]
  2457 | D:3      | Found a shimmering altar of Xom.
  2458 | D:3      | Noticed an angel
  2459 | D:3      | Found a glowing silver altar of Zin.
  2511 | D:3      | Reached skill level 7 in Unarmed Combat
  2517 | D:3      | Reached XP level 6. HP: 34/51 MP: 5/5
  2548 | D:3      | Noticed Grinder
  2565 | D:3      | HP: 10/51 [orc priest/divine providence (16)]
  2819 | D:3      | Paralysed by Grinder for 5 turns
  2867 | D:3      | Killed Grinder
  2867 | D:3      | Reached skill level 8 in Unarmed Combat
  2867 | D:3      | Reached XP level 7. HP: 42/57 MP: 6/6
  3151 | D:2      | Became a worshipper of Makhleb the Destroyer
  3151 | D:2      | Reached * piety under Makhleb
  3151 | D:2      | Reached ** piety under Makhleb
  3234 | D:4      | Found Etsit's Armour Shop.
  3277 | D:4      | Found Kikho's Book Emporium.
  3361 | D:4      | Reached skill level 1 in Invocations
  3416 | D:4      | HP: 14/57 [ogre/giant spiked club (18)]
  3417 | D:4      | Reached skill level 3 in Dodging
  3590 | D:4      | Found Qiusenai's Jewellery Boutique.
  3750 | D:4      | Found Sisocogu's Distillery.
  3797 | D:4      | Reached skill level 4 in Fighting
  3797 | D:4      | Reached skill level 2 in Invocations
  3997 | D:5      | Entered Level 5 of the Dungeon
  4036 | D:5      | Reached skill level 3 in Invocations
  4036 | D:5      | Reached XP level 8. HP: 23/67 MP: 7/9
  4459 | D:5      | Reached skill level 4 in Dodging
  4674 | D:5      | Reached skill level 5 in Fighting
  4963 | D:6      | Reached skill level 1 in Armour
  4981 | D:6      | Reached skill level 9 in Unarmed Combat
  5329 | D:6      | Reached skill level 4 in Invocations
  5362 | D:6      | HP: 15/69 [orc warrior/mace of holy wrath (17)]
  5587 | D:5      | Reached skill level 2 in Armour
  5639 | D:6      | Reached XP level 9. HP: 57/75 MP: 11/11
  5644 | D:6      | Got a bone spear
  5645 | D:6      | Identified the +6 spear of Wetiy {distort, +Inv} (You found it on level 6 of the Dungeon)
  5680 | D:6      | Noticed a troll
  5685 | D:6      | Killed a troll
  5685 | D:6      | Reached skill level 2 in Polearms
  5993 | D:6      | Found an iron altar of Okawaru.
  6039 | D:7      | Noticed Joseph
  6062 | D:7      | Killed Joseph
  6062 | D:7      | Reached skill level 6 in Fighting
  6062 | D:7      | Reached skill level 5 in Dodging
  6209 | D:7      | Found a flagged portal.
  6221 | Bailey   | Entered a bailey
  6252 | Bailey   | Reached *** piety under Makhleb
  6300 | Bailey   | HP: 17/75 [orc warrior/hand axe (10)]
  6401 | Bailey   | Noticed an orc knight
  6410 | Bailey   | HP: 9/75 [orc warrior/war axe (20)]
  6413 | Bailey   | HP: 1/75 [orc knight/war axe (8)]
  6448 | Bailey   | Reached skill level 3 in Armour
  6456 | Bailey   | Killed an orc knight
  6456 | Bailey   | Reached skill level 5 in Invocations
  6525 | Bailey   | Noticed an orc warlord
  6553 | Bailey   | Shot with a bolt by an orc warlord

Vault maps used:
D:1:      eino_arrival_druids_welcome, minmay_gold_behind_fungi,
          kennysheep_minor_cross, serial_park_tiny_pond, minmay_misc_feat_x
D:2:      overflow_temple_1_default, yredelemnul_altar_generic,
          nicolae_overflow_hidden_temple, first_ration, minmay_misc_feat_chi
D:3:      wad_crossroads, grunt_temple_overflow_order_and_chaos_1, uniq_grinder
D:4:      serial_shops, shop, kennysheep_mini_moat, shop, shop_statue,
          serial_bayou, serial_bayou_crossing, serial_bayou_shore_b,
          serial_bayou_lagoon_b, serial_bayou_pond_c, moated_statue
D:6:      lemuel_doored_altar
D:7:      kennysheep_seaside_town, nicolae_overflow_crystal_walls,
          minmay_temple_entry_water_ring, serial_shops, shop, enter_bailey_2,
          grunt_ogre_cave, uniq_duvessa, uniq_pikel, uniq_joseph
Bailey:   bailey_axe_minmay_hex_keep, bailey

Skill      XL: |  1  2  3  4  5  6  7  8  9 |
---------------+----------------------------+-----
Unarmed Combat | 4 5 6 7 8 9 |  9.6
Invocations    | 3 4 5 |  5.2
Dodging        | 3 4 5 |  5.4
Fighting       | 4 5 6 |  6.5
Armour         | 2 3 |  3.3
Polearms       | 2 |  2.6
Stealth        | |  2.1

Action                   |  1- 3 |  4- 6 |  7- 9 || total
-------------------------+-------+-------+-------++-------
Melee: Unarmed           |    69 |   191 |   316 ||   576
       Punch             |     1 |     5 |     8 ||    14
       Spear             |       |       |    14 ||    14
Invok: Minor Destruction |       |       |    14 ||    14
       Lesser Servant of |       |       |     7 ||     7
Evoke: Wand              |       |       |     7 ||     7
  Use: Potion            |       |     9 |     4 ||    13
       Scroll            |       |     4 |     5 ||     9
 Stab: Sleeping          |     2 |     3 |     1 ||     6
       Distracted        |       |       |     2 ||     2
  Eat: Chunk             |     3 |    30 |    36 ||    69
Armor: Robe              |     9 |    22 |     3 ||    34
       Chain mail        |       |       |   104 ||   104
Dodge: Dodged            |    35 |   112 |   113 ||   260

Table legend:
 A = Spawn XP
 B = Non-spawn XP
 C = Spawn XP percentage of total XP
 D = Spawn monster count
 E = Non-spawn monster count
 F = Spawn count percentage of total count
 G = Total turns spent on level
                    A         B        C        D         E        F      G
               +---------+---------+-------+---------+---------+-------+---------
         Total |       0 |    4064 |   0.0 |       0 |     170 |   0.0 |  6553
               +---------+---------+-------+---------+---------+-------+---------
           D:1 |       0 |      27 |   0.0 |       0 |      16 |   0.0 |   750
           D:2 |       0 |     146 |   0.0 |       0 |      26 |   0.0 |  1095
           D:3 |       0 |     523 |   0.0 |       0 |      35 |   0.0 |  1333
           D:4 |       0 |     491 |   0.0 |       0 |      14 |   0.0 |   819
           D:5 |       0 |     497 |   0.0 |       0 |      10 |   0.0 |  1153
           D:6 |       0 |     986 |   0.0 |       0 |      28 |   0.0 |   889
           D:7 |       0 |     496 |   0.0 |       0 |       2 |   0.0 |   182
        Bailey |       0 |     898 |   0.0 |       0 |      39 |   0.0 |   332
               +---------+---------+-------+---------+---------+-------+---------

Vault maps used:
D:1:      eino_arrival_druids_welcome, minmay_gold_behind_fungi,
          kennysheep_minor_cross, serial_park_tiny_pond, minmay_misc_feat_x
D:2:      overflow_temple_1_default, yredelemnul_altar_generic,
          nicolae_overflow_hidden_temple, first_ration, minmay_misc_feat_chi
D:3:      wad_crossroads, grunt_temple_overflow_order_and_chaos_1, uniq_grinder
D:4:      serial_shops, shop, kennysheep_mini_moat, shop, shop_statue,
          serial_bayou, serial_bayou_crossing, serial_bayou_shore_b,
          serial_bayou_lagoon_b, serial_bayou_pond_c, moated_statue
D:6:      lemuel_doored_altar
D:7:      kennysheep_seaside_town, nicolae_overflow_crystal_walls,
          minmay_temple_entry_water_ring, serial_shops, shop, enter_bailey_2,
          grunt_ogre_cave, uniq_duvessa, uniq_pikel, uniq_joseph
Bailey:   bailey_axe_minmay_hex_keep, bailey

Table legend:
 A = Turns spent in this place as a percentage of turns spent in the entire game.
 B = Non-inter-level travel turns spent in this place as a percentage of non-inter-level travel turns spent in the entire game.
 C = Inter-level travel turns spent in this place as a percentage of turns spent in this place.
 D = Turns resting spent in this place as a percentage of non-inter-level travel turns spent in this place.
 E = Turns spent auto-exploring this place as a percentage of non-inter-level travel turns spent in this place.
 F = Non-inter-level travel turns spent in this place divided by the number of levels of this place that you've seen.
                   A       B       C       D       E      F
               +-------+-------+-------+-------+-------+----------------------
         Total | 100.0 | 100.0 |   3.6 |  23.0 |  49.7 | 789.2
       Dungeon |  94.9 |  94.7 |   3.8 |  22.9 |  51.8 | 854.6
        Bailey |   5.1 |   5.3 |   0.0 |  24.4 |  10.2 | 332.0
               +-------+-------+-------+-------+-------+----------------------

Table legend:
 A = Kills in this place as a percentage of kills in entire the game.
 B = Kills by you in this place as a percentage of kills by you in the entire game.
 C = Kills by friends in this place as a percentage of kills by friends in the entire game.
 D = Other kills in this place as a percentage of other kills in the entire game.
 E = Experience gained in this place as a percentage of experience gained in the entire game.
 F = Experience gained in this place divided by the number of levels of this place that you have seen.
                   A       B       C       D       E      F
               +-------+-------+-------+-------+-------+----------------------
         Total | 100.0 | 100.0 | 100.0 |   N/A | 100.0 | 508.0
       Dungeon |  77.1 |  87.3 |   0.0 |   N/A |  77.9 | 452.3
        Bailey |  22.9 |  12.7 | 100.0 |   N/A |  22.1 | 898.0
               +-------+-------+-------+-------+-------+----------------------
